 Dungeon Crawl Stone Soup version 0.23.0 (webtiles) character file.

Game seed: 18179427466284289293

65947 ABBCCCDDDD the Tortoise (level 14, -6/135 HPs)
             Began as a Minotaur Berserker on Feb 13, 2019.
             Was a High Priest of Trog.
             Mangled by a two-headed ogre
             ... wielding a +0 giant club
              (11 damage)
             ... on level 2 of the Orcish Mines.
             The game lasted 00:55:33 (20721 turns).

ABBCCCDDDD the Tortoise (Minotaur Berserker)       Turns: 20721, Time: 00:55:34

Health: -6/135     AC: 18    Str: 25    XL:     14   Next: 77%
Magic:  13/13      EV: 20    Int:  8    God:    Trog [*****.]
Gold:   1863       SH:  0    Dex: 15    Spells: 13/13 levels left

rFire    . . .     SeeInvis +   E - +14 obsidian axe {chop, +Fly SInv *Curse} (curse)
rCold    . . .     Gourm    .   (no shield)
rNeg     + . .     Faith    .   T - +1 scale mail "Ohafut" {rPois Int+3 Dex+4 Stlth+}
rPois    +         Spirit   .   p - +0 hat of Miracles {rElec}
rElec    +         Reflect  .   K - +0 cloak of Responsibility {Stlth+} (curse)
rCorr    .         Harm     .   (no gloves)
MR       +++++     Clarity  +   (no boots)
Stlth    ++........             M - amulet of the Four Winds {rN+ MR+++ Clar}
HPRegen  1.32/turn              S - +5 ring of protection
MPRegen  0.13/turn              L - ring of protection from magic

@: berserk cooldown, mesmerised, regenerating, slowed, studying Shields, very
slow
A: retaliatory headbutt, horns 2
a: Berserk, Trog's Hand, Brothers in Arms, Renounce Religion, Evoke Flight


You were on level 2 of the Orcish Mines.
You worshipped Trog.
Trog was extremely pleased with you.
You were near starving.

You visited 3 branches of the dungeon, and saw 20 of its levels.
You also visited: Sewer, Ossuary, Bailey and Gauntlet.

You collected 2167 gold pieces.
You spent 304 gold pieces at shops.

Inventory:

Hand Weapons
 z - a +6 antimagic battleaxe
 D - a +3 war axe of freezing
 E - the cursed +14 obsidian axe (weapon) {chop, +Fly SInv *Curse}
   (You found it on level 1 of the Orcish Mines)

   It inflicts extra damage upon your enemies.
   It lets you see invisible.
   It lets you fly.
   It curses itself when equipped.
   It has a curse placed upon it.
Armour
 p - the +0 hat of Miracles (worn) {rElec}
   (You acquired it on level 2 of the Lair of Beasts)

   It insulates you from electricity.
 B - a +0 cloak
 G - +0 fire dragon scales
 K - the cursed +0 cloak of Responsibility (worn) {Stlth+}
   (You found it on level 1 of the Orcish Mines)

   It makes you more stealthy.
   It has a curse placed upon it.
 O - a +2 scale mail of fire resistance
 T - the +1 scale mail "Ohafut" (worn) {rPois Int+3 Dex+4 Stlth+}
   (You found it on level 4 of the Lair of Beasts)

   It affects your intelligence (+3).
   It affects your dexterity (+4).
   It protects you from poison.
   It makes you more stealthy.
Jewellery
 q - an uncursed ring of resist corrosion
 L - a ring of protection from magic (right hand)
 M - the amulet of the Four Winds (around neck) {rN+ MR+++ Clar}
   (You took it off a minotaur in a Gauntlet)

   [amulet of nothing]

   It protects you from negative energy.
   It affects your resistance to hostile enchantments.
   It protects you against confusion.
 S - a +5 ring of protection (left hand)
Wands
 r - a wand of iceblast (29)
 x - a wand of flame (14)
 F - a wand of paralysis (17)
 Q - a wand of acid (8)
 R - a wand of polymorph (9)
Scrolls
 d - 5 scrolls of remove curse
 i - 7 scrolls of enchant weapon
 j - 7 scrolls of fear
 m - 8 scrolls of amnesia
 o - 5 scrolls of teleportation
 s - 3 scrolls of magic mapping
 u - 5 scrolls of enchant armour
 y - 3 scrolls of noise
 A - 3 scrolls of fog
 C - a scroll of summoning
 J - 2 scrolls of immolation
 U - a scroll of silence {unknown}
Potions
 a - 2 potions of berserk rage
 b - 2 potions of invisibility
 e - 5 potions of lignification
 g - 14 potions of curing
 h - 4 potions of might
 k - 4 potions of flight
 l - 6 potions of agility
 n - 3 potions of ambrosia {unknown}
 t - 3 potions of resistance
 v - 5 potions of heal wounds
 w - 4 potions of brilliance {unknown}
 N - a potion of cancellation {unknown}
Books
 H - a manual of Shields
Comestibles
 c - 24 rations


   Skills:
 + Level 15.5 Fighting
 + Level 15.5 Axes
 + Level 17.8 Armour
 + Level 14.2 Dodging


You had 13 spell levels left.
You didn't know any spells.
Your spell library was empty.

Dungeon Overview and Level Annotations

Branches:
Dungeon (12/15)            Temple (0/1) D:5            Lair (6/6) D:9
 Shoals (0/4) Lair:4        Snake (0/4) Lair:4        Slime (0/5) Lair:6
    Orc (2/2) D:12            Elf (0/3) Orc:2

Altars:
Ashenzari
Dithmenos
Fedhas
Gozag
Kikubaaqudgha
Okawaru
Wu Jian
Xom
Zin
Beogh

Shops:
D:8 }   D:9 *   Orc:2 [(*!=

Annotations:
D:10 1 runed translucent door
D:12 1 runed translucent door, Enish's ghost, journeyman KoSu
Lair:6 exclusion: 2 oklob plants


Innate Abilities, Weirdness & Mutations

You reflexively headbutt those who attack you in melee.
You have a pair of horns on your head.


Message History

Your hellwing hits the ogre! x2; Your orange demon stings the ogre mage.
The ogre mage looks as sick as possible!
Your orange demon poisons the ogre mage!
Your orange demon barely misses the ogre mage.
The ogre mage misses you.
You slice the ogre mage!!
You kill the ogre mage!
Trog accepts your kill.
Trog appreciates your killing of a magic user.
You slash the two-headed ogre! You slash the ettin!
The ogre hits your hellwing with a +0 giant club!!
Your hellwing dies!
Your sixfirhy hits the two-headed ogre!
Your sixfirhy shocks the two-headed ogre!
The ettin hits you with a +0 dire flail!!!
* * * LOW HITPOINT WARNING * * *
The ettin hits you with a +0 dire flail!!
* * * LOW HITPOINT WARNING * * *
The two-headed ogre hits you with a +0 giant club!
You die...

##..... ....... ##..))
....... ####.... ∩.....C
##..#...) ...O..O
##.......) .....OO
####........# ....TOO##
##.#........#.
....O.CO###..........#..
.....OO@)#.)............
.∩...T.3.)[)............
......§4....#####.......
.............# ##......
............## ##.....
....#.#.....# ##....
.............# ##.....
......#.##..## ###≈≈≈...
......##########.≈≈≈≈≈..


You could see an ettin, a two-headed ogre, an ogre mage, a deep troll, a
cyclops, a troll, 8 ogres, a friendly orange demon and a friendly sixfirhy.

Vanquished Creatures
  Gastronok (Lair:3)
  The ghost of Keeluq the Geomancer, a journeyman GrEE of Vehumet (Orc:1)
  A minotaur (Gauntlet)
  An ettin (Orc:1)
  A merfolk javelineer (Orc:1)
  A fire dragon (Lair:6)
  A merfolk impaler (Orc:1)
  An ogre mage (Orc:2)
  A hydra (Lair:4)
  6 two-headed ogres (Orc:2)
  5 death yaks (D:9)
  2 tengu warriors (Orc:1)
  3 skeletal warriors (D:12)
  A deep troll (Orc:2)
  A lindwurm (Lair:6)
  Pikel (D:8)
  2 wizards (Gauntlet)
  2 cyclopes
  2 orc sorcerers
  Maurice (D:9)
  A deep elf mage (D:9)
  6 black mambas
  Joseph (Lair:1)
  3 molten gargoyles (Lair:6)
  11 spiny frogs
  7 rime drakes
  14 komodo dragons
  7 trolls
  A polar bear (Lair:1)
  A queen bee (D:10)
  3 meliai (Gauntlet)
  4 hornets
  4 dream sheep (Lair:4)
  Grinder (D:6)
  6 hippogriffs
  4 flying skulls (Gauntlet)
  36 yaks
  5 wyverns (Lair:6)
  4 basilisks
  Eustachio (D:4)
  9 steam dragons
  3 hungry ghosts
  4 nagas (Lair:4)
  11 water moccasins
  An acid dragon (D:11)
  4 hell hounds (Lair:6)
  9 porcupines
  An eye of draining (D:8)
  An ice beast (D:10)
  17 orc warriors
  5 sky beasts
  A black bear (D:8)
  4 slaves
  A necrophage (D:10)
  A phantom (D:8)
  15 ogres
  9 wolves
  21 centaurs
  14 crocodiles
  A crocodile (shapeshifter) (D:10)
  4 big kobolds
  2 elf zombies (Ossuary)
  7 bullfrogs
  A wyvern zombie (D:12)
  2 scorpions (D:8)
  18 killer bees
  2 howler monkeys
  22 wights
  2 electric eels (Lair:2)
  A bullfrog zombie (D:12)
  4 crimson imps
  3 centaur zombies
  5 lava snakes (Lair:6)
  2 quasits
  4 hounds
  A gnoll shaman (D:7)
  3 orc priests
  2 centaur skeletons
  4 jellies
  A bullfrog skeleton (D:7)
  Natasha (thrice) (D:2)
  4 iguanas
  18 orc wizards
  7 worker ants
  A big kobold zombie (Ossuary)
  2 hound zombies
  3 mummies
  4 worker ant zombies
  11 gnolls
  14 adders
  2 river rats (Sewer)
  4 shadow imps
  A white imp (Gauntlet)
  An ooze (D:6)
  3 adder zombies
  A worm (D:2)
  A dart slug (D:3)
  7 leopard geckos
  83 orcs
  14 giant cockroaches
  8 goblins
  7 hobgoblins
  4 jackals
  41 kobolds
  10 quokkas
  6 ball pythons
  8 bats
  6 frilled lizards
  9 hobgoblin zombies (Ossuary)
  2 jackal zombies (Ossuary)
  9 kobold zombies (Ossuary)
  10 orc zombies (Ossuary)
  32 rats
  2 rat zombies (Ossuary)
  2 fungi (Lair:3)
  A plant (Lair:4)
718 creatures vanquished.

Vanquished Creatures (collateral kills)
  Snorg (D:10)
  A deep elf archer (Orc:1)
  2 orc knights
  2 rime drakes (Lair:3)
  2 trolls (Orc:2)
  3 steam dragons (Lair:3)
  A warg (Orc:2)
  A water moccasin (Lair:3)
  3 orc warriors (Orc:2)
  An orc wizard (Orc:2)
  An orc (Orc:2)
18 creatures vanquished.

Vanquished Creatures (others)
  A rime drake (Lair:3)
  A white imp (Gauntlet)
  2 demonic plants (Gauntlet)
  2 fungi
  10 plants
16 creatures vanquished.

Grand Total: 752 creatures vanquished

Notes
Turn   | Place    | Note
-------+----------+-------------------------------------------
     0 | D:1      | ABBCCCDDDD the Minotaur Berserker began the quest for the
                  | Orb.
     0 | D:1      | Reached XP level 1. HP: 19/19 MP: 0/0
    92 | D:1      | Reached XP level 2. HP: 19/27 MP: 1/1
   325 | D:1      | Reached ** piety under Trog
   396 | D:1      | Reached skill level 3 in Armour
   437 | D:1      | Reached XP level 3. HP: 33/33 MP: 2/2
   742 | D:2      | Noticed Natasha
   748 | D:2      | Killed Natasha
   748 | D:2      | Reached XP level 4. HP: 33/40 MP: 3/3
   857 | D:2      | Noticed Natasha
   862 | D:2      | Killed Natasha
  1131 | D:2      | Noticed Natasha
  1136 | D:2      | Killed Natasha
  1142 | D:2      | Reached XP level 5. HP: 45/47 MP: 4/4
  1572 | D:3      | Reached skill level 4 in Armour
  1633 | D:3      | Reached *** piety under Trog
  2371 | D:4      | Noticed Eustachio
  2383 | D:4      | Killed Eustachio
  2383 | D:4      | Reached skill level 5 in Fighting
  2383 | D:4      | Reached skill level 5 in Axes
  2383 | D:4      | Reached XP level 6. HP: 56/56 MP: 5/5
  2572 | D:4      | Reached skill level 5 in Armour
  2747 | D:4      | Reached XP level 7. HP: 60/62 MP: 6/6
  2950 | D:5      | Entered Level 5 of the Dungeon
  3019 | D:5      | Found a glowing drain.
  3040 | Sewer    | Entered a sewer
  3121 | Sewer    | Reached **** piety under Trog
  3168 | Sewer    | Reached skill level 5 in Dodging
  3580 | D:5      | Found a staircase to the Ecumenical Temple.
  3707 | D:5      | Reached skill level 6 in Armour
  3807 | D:5      | Found a blossoming altar of Fedhas.
  3810 | D:5      | Found an ancient bone altar of Kikubaaqudgha.
  3891 | D:5      | Found a glowing silver altar of Zin.
  3892 | D:5      | Found a shimmering altar of Xom.
  3894 | D:5      | Found an ornate altar of the Wu Jian Council.
  4055 | D:6      | Reached XP level 8. HP: 71/71 MP: 7/7
  4234 | D:6      | Noticed Grinder
  4239 | D:6      | Paralysed by Grinder for 4 turns
  4248 | D:6      | Paralysed by Grinder for 6 turns
  4259 | D:6      | Killed Grinder
  4524 | D:7      | Reached skill level 7 in Armour
  4605 | D:7      | Noticed a hippogriff
  4615 | D:7      | Killed a hippogriff
  4694 | D:7      | Reached XP level 9. HP: 78/81 MP: 8/8
  4752 | D:7      | Reached ***** piety under Trog
  5213 | D:8      | Found Gajyl's Gadget Shop.
  5265 | D:8      | Reached skill level 8 in Armour
  5323 | D:8      | Noticed Pikel
  5547 | D:8      | Killed Pikel
  5602 | D:8      | Found a sand-covered staircase.
  5628 | Ossuary  | Entered an ossuary
  5871 | D:8      | Reached skill level 9 in Armour
  5872 | D:8      | Reached XP level 10. HP: 91/91 MP: 9/9
  5916 | D:8      | Found a shadowy altar of Dithmenos.
  5957 | D:8      | Received a gift from Trog
  6366 | D:9      | Noticed a deep elf mage
  6379 | D:9      | Killed a deep elf mage
  6584 | D:9      | Reached skill level 10 in Fighting
  6585 | D:9      | Reached skill level 10 in Axes
  6654 | D:9      | Noticed a death yak
  6667 | D:9      | Killed a death yak
  6667 | D:9      | Reached skill level 10 in Armour
  6712 | D:9      | Noticed a death yak
  7004 | D:9      | Noticed a death yak
  7006 | D:9      | Noticed a death yak
  7006 | D:9      | Noticed a death yak
  7024 | D:9      | Killed a death yak
  7031 | D:9      | Killed a death yak
  7031 | D:9      | Reached XP level 11. HP: 75/101 MP: 10/10
  7036 | D:9      | Killed a death yak
  7042 | D:9      | Killed a death yak
  7316 | D:9      | Found an opulent altar of Gozag.
  7349 | D:9      | Found a staircase to the Lair.
  7421 | D:9      | Noticed Maurice
  7446 | D:9      | Killed Maurice
  7446 | D:9      | Reached skill level 10 in Dodging
  7667 | D:9      | Found Ejyowy's General Store.
  7675 | D:9      | Bought a potion of degeneration for 12 gold pieces
  7675 | D:9      | Bought a scroll of teleportation for 36 gold pieces
  7675 | D:9      | Bought a potion of invisibility for 96 gold pieces
  7797 | D:10     | Entered Level 10 of the Dungeon
  7807 | D:10     | Reached skill level 11 in Armour
  7920 | D:10     | Received a gift from Trog
  8012 | D:10     | Noticed Snorg
  8186 | D:10     | Found a runed translucent door.
  8200 | D:10     | Killed Snorg
  8350 | D:10     | Paralysed by fainting for 7 turns
  8368 | D:10     | Paralysed by fainting for 10 turns
  8385 | D:10     | Found a flagged portal.
  8398 | Bailey   | Entered a bailey
  8411 | Bailey   | Received a gift from Trog
  9505 | D:10     | Found a runed translucent door.
  9527 | D:10     | Reached XP level 12. HP: 108/112 MP: 11/11
  9557 | D:10     | Reached skill level 12 in Armour
  9779 | D:11     | Found a gate leading to a gauntlet.
  9825 | Gauntlet | Entered a Gauntlet
  9825 | Gauntlet | Found a transporter.
  9825 | Gauntlet | Found a transporter.
  9883 | Gauntlet | Found a transporter.
  9937 | Gauntlet | Found a transporter.
  9941 | Gauntlet | Found a transporter.
  9959 | Gauntlet | Noticed a death yak
  9959 | Gauntlet | Noticed a death yak
  9959 | Gauntlet | Noticed a death yak
  9973 | Gauntlet | Found a transporter.
 10021 | Gauntlet | Found a transporter.
 10022 | Gauntlet | Found a transporter.
 10031 | Gauntlet | Found a transporter.
 10058 | Gauntlet | Found a transporter.
 10239 | Gauntlet | Noticed a minotaur
 10251 | Gauntlet | Killed a minotaur
 10251 | Gauntlet | Reached skill level 13 in Armour
 11185 | D:12     | Paralysed by a hornet for 3 turns
 11197 | D:12     | Received a gift from Trog
 11703 | D:12     | HP: 3/115 [yak (10)]
 12126 | D:12     | Reached skill level 14 in Armour
 12324 | D:12     | Found a glowing silver altar of Zin.
 12358 | D:12     | Found a shimmering altar of Xom.
 12358 | D:12     | Noticed Enish's ghost (journeyman KoSu)
 12359 | D:12     | Found a runed translucent door.
 12371 | D:12     | Found a staircase to the Orcish Mines.
 12503 | Lair:1   | Entered Level 1 of the Lair of Beasts
 12788 | Lair:1   | Noticed Joseph
 12864 | Lair:1   | Killed Joseph
 13439 | Lair:2   | Reached XP level 13. HP: 122/122 MP: 12/12
 13520 | Lair:2   | Identified a scroll of acquirement
 13524 | Lair:2   | Got a slimy hat
 13530 | Lair:2   | Identified the +0 hat of Miracles {rElec} (You acquired it
                  | on level 2 of the Lair of Beasts)
 13760 | Lair:2   | Got an ichor-stained whip
 14001 | Lair:2   | Identified the cursed +1 whip "Ciatytidiu" {slash, +Rage
                  | rF+ MR+} (You found it on level 2 of the Lair of Beasts)
 14177 | Lair:3   | Noticed Gastronok
 14294 | Lair:3   | Found a shattered altar of Ashenzari.
 14453 | Lair:3   | Reached skill level 15 in Armour
 14588 | Lair:3   | Killed Gastronok
 14588 | Lair:3   | Received a gift from Trog
 14663 | Lair:3   | Found the +8 arc blade {discharge, rElec}
 15625 | Lair:4   | Got a pitted scale mail
 15626 | Lair:4   | Identified the cursed +1 scale mail "Ohafut" {rPois Int+3
                  | Dex+4 Stlth+} (You found it on level 4 of the Lair of
                  | Beasts)
 15840 | Lair:4   | Found a staircase to the Snake Pit.
 15856 | Lair:4   | Reached skill level 16 in Armour
 16167 | Lair:4   | Found a staircase to the Shoals.
 17225 | Lair:6   | Entered Level 6 of the Lair of Beasts
 17239 | Lair:6   | Found a staircase to the Slime Pits.
 17332 | Lair:6   | Reached XP level 14. HP: 123/133 MP: 13/13
 17517 | Lair:6   | Received a gift from Trog
 18683 | Lair:6   | Found a large runed translucent door.
 18684 | Lair:6   | Found a large runed translucent door.
 18723 | Lair:6   | Reached skill level 17 in Armour
 19176 | Orc:1    | Entered Level 1 of the Orcish Mines
 19587 | Orc:1    | Found a runed translucent gate.
 19588 | Orc:1    | Found a runed translucent gate.
 19589 | Orc:1    | Found a runed translucent gate.
 19589 | Orc:1    | You fall through a shaft!
 19589 | Orc:2    | Entered Level 2 of the Orcish Mines
 19660 | Orc:1    | Reached skill level 15 in Fighting
 19660 | Orc:1    | Reached skill level 15 in Axes
 19737 | Orc:1    | Noticed Keeluq's ghost (journeyman GrEE)
 19746 | Orc:1    | Found the cursed +14 obsidian axe {chop, +Fly SInv *Curse}
 19751 | Orc:1    | Found an iron altar of Okawaru.
 20104 | Orc:1    | Killed Keeluq's ghost
 20223 | Orc:1    | Got a warped cloak
 20240 | Orc:1    | Identified the cursed +0 cloak of Responsibility {Stlth+}
                  | (You found it on level 1 of the Orcish Mines)
 20407 | Orc:2    | Found Muor's Distillery.
 20407 | Orc:2    | Found Uzuzake's Jewellery Boutique.
 20419 | Orc:2    | Found a staircase to the Elven Halls.
 20431 | Orc:2    | Bought a potion of heal wounds for 80 gold pieces
 20431 | Orc:2    | Bought a potion of heal wounds for 80 gold pieces
 20537 | Orc:2    | Found a roughly hewn altar of Beogh.
 20689 | Orc:2    | Found Gaynerph's Assorted Antiques.
 20706 | Orc:2    | Found Emmyemiy's Antique Weapon Shop.
 20710 | Orc:2    | Found Ijigup's Armour Shoppe.
 20721 | Orc:2    | HP: 5/135 [ettin/+0 dire flail (33)]
 20721 | Orc:2    | Mangled by a two-headed ogre

Skill      XL: |  1  2  3  4  5  6  7  8  9 10 11 12 13 14 |
---------------+-------------------------------------------+-----
Axes           | 4 5 6 7 9 10 12 13 14 15 | 15.5
Fighting       | 4 5 6 7 9 10 12 13 14 15 | 15.5
Armour         | 3 4 5 6 7 9 10 11 14 16 17 | 17.8
Dodging        | 3 4 5 6 8 9 10 12 13 14 | 14.2

Action                   |  1- 3 |  4- 6 |  7- 9 | 10-12 | 13-15 || total
-------------------------+-------+-------+-------+-------+-------++-------
Melee: Hand axe          |    79 |   146 |   254 |       |       ||   479
       Headbutt          |     8 |    22 |    68 |   119 |   139 ||   356
       War axe           |       |       |   107 |   616 |   472 ||  1195
       Battleaxe         |       |       |       |    12 |       ||    12
       Broad axe         |       |       |       |       |    44 ||    44
Invok: Berserk           |       |     1 |     5 |    21 |    17 ||    44
       Trog's Hand       |       |       |     1 |    10 |    10 ||    21
       Brothers in Arms  |       |       |       |     1 |     2 ||     3
  Use: Scroll            |       |       |    14 |     7 |    10 ||    31
       Potion            |       |       |       |     8 |     3 ||    11
 Stab: Distracted        |       |       |       |     1 |     2 ||     3
  Eat: Chunk             |       |     7 |    13 |    37 |    35 ||    92
       Ration            |       |       |     1 |     4 |     2 ||     7
Armor: Animal skin       |     3 |       |       |       |       ||     3
       Scale mail        |    11 |    46 |   133 |   242 |   113 ||   545
       Chain mail        |    32 |    22 |       |       |       ||    54
       Fire dragon scale |       |       |       |       |     3 ||     3
Dodge: Dodged            |    41 |    78 |   213 |   567 |   362 ||  1261
